 Dungeon Crawl Stone Soup version 0.28.0-53-g5a82cb258f (webtiles) character file.

Game seed: 3584220359348673334

266 moldycheese5 the Conjurer (level 6, -9/32 HPs)
             Began as a Deep Elf Conjurer on June 20, 2022.
             Was an Initiate of Gozag.
             Mangled by an ogre
             ... wielding a +0 giant spiked club
              (16 damage)
             ... while paralysed by Ijyb
             ... on level 5 of the Dungeon.
             The game lasted 00:10:18 (4117 turns).

moldycheese5 the Conjurer (Deep Elf Conjurer)       Turns: 4117, Time: 00:10:19

Health: -9/32      AC:  5    Str:  6    XL:     6   Next: 0%
Magic:  20/24      EV:  2    Int: 23    God:    Gozag
Gold:   111        SH:  0    Dex: 13    Spells: 13/14 levels left

rFire   . . .      SeeInvis .   p - +9 whip of the Pariah {spect, rC- rCorr MP+9}
rCold   x . .      Faith    .   (no shield)
rNeg    . . .      Spirit   .   r - +0 leather armour
rPois   .          Reflect  +   k - +2 hat
rElec   .          Harm     .   (no cloak)
rCorr   +          Rampage  .   (no gloves)
Will    .....                   (no boots)
Stlth   ++........              i - amulet of reflection
HPRegen 0.10/turn               (no ring)
MPRegen 0.19/turn               (no ring)

@: paralysed
A: no striking features
a: Renounce Religion, Potion Petition, Call Merchant, Bribe Branch


You were on level 5 of the Dungeon.
You worshipped Gozag.
Gozag was aware of your devotion.
You visited 1 branch of the dungeon, and saw 5 of its levels.

You collected 131 gold pieces.
You paid 20 gold pieces to Gozag.

Inventory:

Hand Weapons
 h - a +2 short sword of speed
 p - the +9 whip of the Pariah (weapon) {spect, rC- rCorr MP+9}
   (You found it on level 3 of the Dungeon)

   When its wielder attacks, the weapon's spirit leaps out and strikes again.
   The spirit shares a part of any damage it takes with its wielder.
   rC:        It makes you vulnerable to cold.
   MP:        It affects your magic capacity (+9).
   rCorr:     It protects you from acid and corrosion.
Armour
 k - a +2 hat (worn)
 r - a +0 leather armour (worn)
Magical Staves
 e - a staff of cold
Jewellery
 f - an amulet of the acrobat
 i - an amulet of reflection (around neck)
Scrolls
 b - 2 scrolls of enchant weapon
 c - 2 scrolls of blinking
 n - a scroll of identify
 o - 2 scrolls of teleportation {unknown}
 q - a scroll of summoning {unknown}
Potions
 d - 4 potions of haste {unknown}
 g - 3 potions of might {unknown}
 j - 2 potions of curing {unknown}
 l - 4 potions of heal wounds {unknown}
 m - a potion of mutation {unknown}


   Skills:
 + Level 2.9 Dodging
 + Level 3.5 Stealth
 + Level 4.9 Spellcasting
 + Level 6.7 Conjurations


You had 13 spell levels left.
You knew the following spells:

 Your Spells              Type           Power      Damage    Failure   Level
a - Magic Dart            Conj           100%       1d8       1%          1

Your spell library contained the following spells:

 Spells                   Type           Power      Damage    Failure   Level
 Searing Ray              Conj           72%        2d7       1%          2
 Dazzling Flash           Conj/Hex       42%        N/A       11%         3
 Ensorcelled Hibernation  Hex/Ice        10%        N/A       22%         2
 Fulminant Prism          Conj/Hex       10%        3d9       36%         4
 Iskenderun's Mystic Bla  Conj/Tloc      21%        2d6       36%         4
 Confusing Touch          Hex            5%         N/A       41%         3
 Frozen Ramparts          Ice            10%        1d3       41%         3
 Ignite Poison            Fire/Tmut/Pois 5%         N/A       41%         3
 Yara's Violent Unravell  Hex/Tmut       2%         3d3       99%         5
 Enfeeble                 Hex            2%         N/A       100%        7
 Ozocubu's Refrigeration  Ice            2%         4d5       100%        7


Dungeon Overview and Level Annotations

Branches:
Dungeon (5/15)             Temple (0/1) D:4

Altars:
Gozag
Uskayaw
Vehumet
Wu Jian

Shops:
D:3 (

Annotations:
D:3 exclusion: statue
D:5 Ijyb


Message History

The magic dart hits Ijyb but does no damage.
Ijyb hits you with a +0 dagger.
The magic dart hits Ijyb!
Ijyb is moderately wounded.
The ufetubus hits you but does no damage.
The ufetubus hits you.
Ijyb zaps a wand.
You resist with some effort.
The magic dart hits Ijyb but does no damage.
Ijyb is moderately wounded.
The ufetubus misses you. The ufetubus barely misses you.
You block Ijyb's attack.
The magic dart hits Ijyb but does no damage.
Ijyb is moderately wounded.
The ufetubus closely misses you. The ufetubus barely misses you.
An ogre comes into view. It is wielding a +0 giant spiked club.
You block the ufetubus's attack. x2; Ijyb barely misses you.
The magic dart hits Ijyb but does no damage.
Ijyb is moderately wounded.
The ufetubus hits you. The ufetubus misses you.
Ijyb zaps a wand.
You resist with some effort.
The magic dart hits Ijyb.
Ijyb is heavily wounded.
You block the ufetubus's attack. The ufetubus completely misses you.
The ufetubus hits you. x2; Ijyb zaps a wand.
You suddenly lose the ability to move!
The ufetubus hits you. The ufetubus barely misses you.
Ijyb zaps a wand.
You shrug off the repeated paralysis!
The now-empty wand crumbles to dust.
The ufetubus hits you. x2; The ufetubus barely misses you.
The ufetubus hits you but does no damage.
Ijyb hits you with a +0 dagger. The ufetubus hits you.
The ufetubus hits you but does no damage.
Ijyb hits you with a +0 dagger.
* * * LOW HITPOINT WARNING * * *
The ufetubus hits you but does no damage.
The ufetubus hits you.
* * * LOW HITPOINT WARNING * * *
The ogre hits you with a +0 giant spiked club!
Ouch! That really hurt!
You die...
Your body crumbles into a pile of gold.

.# .# .# .#
.### .#
.....###.#
.###..g..####
.......@....#
......O5.......
...............
.##.......>....
###..........
...........
.....####...
......# ##.


You could see an ogre, Ijyb and an ufetubus.

Vanquished Creatures
  A black bear (D:3)
  A hound (D:4)
  A hound skeleton (D:3)
  6 adders
  An ufetubus (D:4)
  An adder skeleton (D:3)
  A dart slug (D:3)
  4 orcs (D:3)
  7 ball pythons
  2 endoplasms (D:3)
  3 giant cockroaches
  5 goblins
  7 hobgoblins
  9 kobolds
  4 quokkas
  5 bats
  3 frilled lizards
  4 rats
65 creatures vanquished.

Notes
Turn   | Place    | Note
-------+----------+-------------------------------------------
     0 | D:1      | moldycheese5 the Deep Elf Conjurer began the quest for the
                  | Orb.
     0 | D:1      | Reached XP level 1. HP: 10/10 MP: 6/6
   134 | D:1      | Found a faded altar of an unknown god.
   368 | D:1      | Reached XP level 2. HP: 15/15 MP: 6/8
   958 | D:2      | Reached skill level 5 in Conjurations
  1028 | D:2      | Reached XP level 3. HP: 19/19 MP: 5/9
  2181 | D:3      | Found an opulent altar of Gozag.
  2327 | D:3      | Found a hide-covered altar of Uskayaw.
  2448 | D:3      | Reached XP level 4. HP: 24/24 MP: 8/11
  2609 | D:3      | Noticed a black bear
  2617 | D:3      | Killed a black bear
  2618 | D:3      | Reached skill level 6 in Conjurations
  2618 | D:3      | Reached XP level 5. HP: 28/28 MP: 5/13
  3042 | D:3      | Identified the +9 whip of the Pariah {spect, rC- rCorr
                  | MP+9}
  3201 | D:3      | Found Ziatikk's Weapon Emporium.
  3353 | D:3      | Found a radiant altar of Vehumet.
  3353 | D:3      | Noticed a frost-covered statue
  3400 | D:3      | Became a worshipper of Gozag Ym Sagoz the Greedy
  3565 | D:4      | Found a staircase to the Ecumenical Temple.
  3618 | D:4      | Reached XP level 6. HP: 32/32 MP: 15/15
  3632 | D:4      | Found an ornate altar of the Wu Jian Council.
  3702 | D:4      | Got the Tome of Transmutation and the Frostbite
  4107 | D:5      | Entered Level 5 of the Dungeon
  4107 | D:5      | Noticed Ijyb
  4113 | D:5      | Paralysed by Ijyb for 5 turns
  4117 | D:5      | Mangled by an ogre

Illustrated notes

Levels and vault maps discovered:
D:1:      minmay_arrival_floating_metal, layout_loops_ring,
          hellmonk_ecumenical_altar_heavens_door, due_unseen_surprise
D:2:      layout_basic, minmay_misc_feat_square, kennysheep_generic_room_4
D:3:      layout_rooms, eat_drink_and_be_merry_uskayaw, vehumet_statue,
          grunt_gozag_breadcrumbs, serial_shops, nicolae_shop_waterfront,
          minmay_fractal_squares_diagonal_5
D:4:      layout_gridville, lemuel_doored_altar, minmay_temple_entry_waves
D:5:      layout_rooms, mainiacjoe_overflow_alcove_1, uniq_ijyb

Skill      XL: |  1  2  3  4 |
---------------+-------------+-----
Conjurations   | 5 6 |  6.7
Stealth        | 3 |  3.5
Spellcasting   | 4 |  4.9
Dodging        | |  2.9

Action                   |  1- 3 |  4- 6 || total
-------------------------+-------+-------++-------
Melee: Short sword       |       |     1 ||     1
 Cast: Magic Dart        |    78 |    79 ||   157
  Use: Scroll            |     2 |       ||     2
Armor: Leather armour    |       |     6 ||     6
       Robe              |       |     1 ||     1
Dodge: Dodged            |     4 |    21 ||    25
Block: Other             |       |     5 ||     5
